AoeStats
← bysgame

Arena

505460393Analyzed
3v3 RM · 24d ago on Sep 9, 2026· 56m 58s· 6 players
Game mode
Random Map
Map size
Normal (6 player)
Population
200
Speed
Normal
Resources
Standard
Victory
Conquest
Starting age
Dark Age
Ending age
Imperial Age
RankedLock teamsTeams togetherTeam positionsShared explorationLock speedFull tech treeHidden civsTurbo modeCheats
Victory
Defeat
🇦🇹 Saracens · Austria
999
+18
🇹🇷 Franks · Türkiye
995
+18
🇹🇷 Portuguese · Türkiye
972
+18
🇹🇼 Vikings · Taiwan
1038
-18
🇹🇼 Persians · Taiwan
1037
-18
🇹🇼 Wei · Taiwan
1035
-18
oogultay
0:28 Loom
5:59 Loom
15:20 Feudal Age
17:18 Wheelbarrow
16:31 Double-Bit Axe
16:47 Man-at-Arms
17:13 Arson
22:28 Castle Age
21:08 Town Watch
21:28 Scale Mail Armor
21:36 Stone Mining
24:15 Hand Cart
28:21 Husbandry
30:46 Gold Mining
31:25 #83
32:59 Bow Saw
36:03 Masonry
35:49 Murder Holes
36:57 Gambesons
37:12 Squires
37:22 Padded Archer Armor
37:54 Forging
39:40 Ballistics
40:12 Iron Casting
39:28 Fletching
39:53 Leather Archer Armor
40:51 Chain Mail Armor
44:11 Imperial Age
42:05 Bodkin Arrow
44:13 Cavalier
44:16 Elite Throwing Axeman
45:42 Architecture
46:15 Chemistry
46:20 Blast Furnace
45:50 Plate Mail Armor
46:28 Hoardings
46:14 Conscription
46:29 Scale Barding Armor
48:45 Chivalry
49:47 Paladin
55:41 Chain Barding Armor
ska_18
10:21 Feudal Age
11:19 Loom
15:50 Castle Age
14:08 Double-Bit Axe
14:24 Horse Collar
18:03 Wheelbarrow
18:42 Bow Saw
19:57 Wheelbarrow
19:07 Town Watch
21:19 Forging
22:31 Fervor
22:41 Hand Cart
23:33 Gold Mining
23:33 Stone Mining
23:45 Heavy Plow
24:08 Town Watch
25:26 Forging
25:22 Scale Barding Armor
28:18 Iron Casting
28:03 Chain Barding Armor
31:19 Imperial Age
29:04 Fletching
30:11 Bimaristan
31:36 Fervor
31:25 Murder Holes
32:08 Masonry
33:14 Chemistry
33:16 Plate Barding Armor
33:03 Conscription
34:09 Blast Furnace
33:05 Bodkin Arrow
33:46 Elite Mameluke
35:30 Sanctity
35:59 Hoardings
37:40 Gold Shaft Mining
39:03 Two-Man Saw
37:46 Treadmill Crane
38:04 Bodkin Arrow
38:56 Coinage
39:07 Bloodlines
38:57 Husbandry
38:18 Light Cavalry
42:12 Fortified Wall
42:05 Devotion
45:23 Herbal Medicine
49:59 Caravan
50:30 Banking
51:03 Faith
dexter
10:48 Feudal Age
9:15 Loom
16:29 Castle Age
16:06 Double-Bit Axe
16:04 Horse Collar
18:05 Bow Saw
19:30 Elite Skirmisher
25:10 Wheelbarrow
27:31 Heavy Plow
27:35 Fletching
30:01 Padded Archer Armor
33:57 Imperial Age
33:02 Masonry
34:25 Hand Cart
34:42 Forging
34:44 Gold Mining
34:47 Stone Mining
36:00 Town Watch
36:13 Bodkin Arrow
37:05 Crop Rotation
38:40 Chemistry
38:01 Ballistics
37:31 Pikeman
37:58 Arson
39:10 Bracer
39:24 Scale Mail Armor
39:55 Halberdier
41:50 Leather Archer Armor
42:12 Iron Casting
44:18 Architecture
43:55 Siege Engineers
46:07 Two-Man Saw
47:05 Chain Mail Armor
47:51 Blast Furnace
47:22 Ring Archer Armor
49:10 Arquebus
49:34 Conscription
51:25 Elite Organ Gun
R_rain_
5:12 Loom
11:44 Feudal Age
16:03 Castle Age
14:48 Double-Bit Axe
15:28 Gold Mining
18:31 Bow Saw
20:01 Horse Collar
24:13 Wheelbarrow
24:00 Fletching
29:07 Imperial Age
26:44 Stone Mining
27:34 Bloodlines
27:24 Husbandry
28:37 Fortified Wall
32:02 Hand Cart
31:32 Town Watch
31:55 Bodkin Arrow
32:05 Scale Barding Armor
33:08 Town Patrol
35:47 Chemistry
35:11 Chain Barding Armor
34:51 Bracer
35:32 Arson
35:49 Squires
35:09 Man-at-Arms
37:03 Conscription
37:28 Pikeman
38:10 Scale Mail Armor
38:20 Forging
41:03 Masonry
46:45 Gold Shaft Mining
50:16 Ming Guang Armor
49:57 Tuntian
50:31 Ming Guang Armor
50:35 Husbandry
49:59 Heavy Hei Guang Cavalry
B-Monkey
11:17 Feudal Age
13:03 Horse Collar
15:46 Castle Age
15:46 Gold Mining
15:44 Double-Bit Axe
18:30 Bow Saw
21:35 Man-at-Arms
23:10 Long Swordsman
24:29 Scale Mail Armor
24:39 Forging
25:20 Gold Shaft Mining
25:28 Gambesons
26:01 Chain Mail Armor
26:28 Squires
25:59 Elite Skirmisher
26:50 Fletching
27:32 Arson
28:32 Loom
29:33 Town Watch
31:22 Forging
31:08 Bodkin Arrow
32:38 Treadmill Crane
33:49 Iron Casting
35:46 Imperial Age
33:38 Chieftains
36:28 Bracer
37:37 Blast Furnace
36:36 Two-Handed Swordsman
38:05 Siege Engineers
38:32 Conscription
37:58 Capped Ram
38:26 Elite Berserk
40:09 Champion
41:16 Siege Ram
45:21 Scale Barding Armor
45:56 Plate Mail Armor
46:04 Guard Tower
46:00 Arrowslits
46:25 Pikeman
49:56 Masonry
50:09 Ballistics
50:28 Padded Archer Armor
50:43 Murder Holes
51:50 Chemistry
51:22 Architecture
bysgame
7:40 Loom
11:16 Feudal Age
13:21 Double-Bit Axe
13:20 Horse Collar
16:26 Wheelbarrow
18:20 Castle Age
18:50 Bloodlines
20:09 Husbandry
20:13 Heavy Plow
20:11 Gold Mining
23:45 Scale Barding Armor
24:40 Squires
25:27 Chain Barding Armor
29:13 Pikeman
30:08 Bow Saw
30:46 Hand Cart
39:38 Imperial Age
38:31 Stone Mining
41:07 Chemistry
40:28 Ballistics
40:52 Plate Barding Armor
40:23 Cavalier
42:49 Murder Holes
47:00 Elite Skirmisher
49:02 Halberdier
Connection lost

Rejoining the realm…

Still unreachable

The connection could not be restored.

Session expired

The server has moved on; the page needs a fresh start.